 Dungeon Crawl Stone Soup version 0.21-a0-137-g951aa02 (webtiles) character file.

37246 qqqbard the Bludgeoner (level 13, -5/117 HPs)
             Began as a Minotaur Fighter on July 18, 2017.
             Was a High Priest of the Shining One.
             Slain by a slime creature (7 damage)
             ... on level 13 of the Dungeon.
             The game lasted 00:22:13 (13880 turns).

qqqbard the Bludgeoner (Minotaur Fighter)          Turns: 13880, Time: 00:22:13

Health: -5/117     AC: 19    Str: 23    XL:     13   Next: 57%
Magic:  0/12       EV: 12    Int:  5    God:    the Shining One [*****.]
Gold:   822        SH:  9    Dex: 13    Spells: 12/12 levels left

rFire    + . .     SeeInvis .   N - +3 whip (elec)
rCold    + . .     Gourm    .   L - +2 buckler
rNeg     + + .     Faith    .   o - +0 plate armour
rPois    .         Spirit   +   (helmet restricted)
rElec    .         Reflect  .   G - scarf {rC+ rF+}
rCorr    .         Harm     .   Y - +1 pair of gloves
MR       +....                  t - +0 pair of boots
Stlth    ..........             P - amulet of guardian spirit
HPRegen  0.29/turn              r - ring of protection from magic
MPRegen  0.13/turn              (no ring)

@: glowing
A: retaliatory headbutt, horns 2
a: Divine Shield, Cleansing Flame, Summon Divine Warrior, Renounce Religion


You were on level 13 of the Dungeon.
You worshipped the Shining One.
The Shining One was extremely pleased with you.
You were not hungry.

You visited 2 branches of the dungeon, and saw 14 of its levels.

You collected 822 gold pieces.

Inventory:

Hand Weapons
 B - a +0 morningstar
 N - a +3 whip of electrocution (weapon)
Armour
 c - a +0 shield
 o - a +0 plate armour (worn)
 t - a +0 pair of boots (worn)
 G - a scarf of resistance (worn)
 L - a +2 buckler (worn)
 Y - a +1 pair of gloves (worn)
Jewellery
 r - a ring of protection from magic (left hand)
 E - a +3 ring of strength
 O - an uncursed ring of protection from fire
 P - an amulet of guardian spirit (around neck)
Wands
 b - a wand of flame (34/48)
 v - a wand of acid (9/15)
 J - a wand of confusion (17/48)
 R - a wand of flame (18/48)
 X - a wand of acid (7/15)
Scrolls
 d - 4 scrolls of teleportation
 e - a scroll of immolation {unknown}
 j - 2 scrolls of fog
 m - 8 scrolls of identify
 n - 5 scrolls of remove curse
 q - 2 scrolls of magic mapping
 y - a scroll of enchant armour {unknown}
 C - 3 scrolls of enchant weapon
 H - 4 scrolls of blinking {unknown}
 K - 2 scrolls of fear
 M - a scroll of random uselessness {unknown}
 Q - a scroll of silence {unknown}
 T - a scroll of amnesia
 W - a scroll of torment {unknown}
Potions
 a - 2 potions of mutation {unknown}
 g - 2 potions of magic {unknown}
 h - 4 potions of haste {unknown}
 k - 3 potions of heal wounds
 l - 5 potions of flight {unknown}
 p - 5 potions of lignification {unknown}
 s - a potion of degeneration {unknown}
 u - 8 potions of curing
 x - a potion of berserk rage {unknown}
 z - 3 potions of ambrosia {unknown}
 D - 2 potions of might
 I - 2 potions of brilliance {unknown}
 V - a potion of resistance {unknown}
Comestibles
 f - 11 bread rations
 i - 7 meat rations
 A - 8 royal jellies
 F - 3 fruits
 S - 10 chunks of flesh


   Skills:
 + Level 11.9 Fighting
 * Level 16.0 Maces & Flails
 + Level 11.9 Armour
 + Level 10.3 Dodging
 + Level 11.9 Shields


You had 12 spell levels left.
You didn't know any spells.

Dungeon Overview and Level Annotations

Branches:
Dungeon (13/15)            Temple (1/1) D:7            Lair (0/6) D:9
    Orc (0/2) D:10         Vaults (0/5) D:13

Altars:
Ashenzari
Cheibriados
Dithmenos
Elyvilon
Fedhas
Gozag
Hepliaklqana
Kikubaaqudgha
Makhleb
Nemelex Xobeh
Okawaru
Qazlal
Ru
Sif Muna
Trog
Uskayaw
Vehumet
Wu Jian
Xom
Yredelemnul
Zin
The Shining One
Jiyva

Shops:
D:5 *   D:6 :   D:12 *

Annotations:
D:13 1 transporter


Innate Abilities, Weirdness & Mutations

You reflexively headbutt those who attack you in melee.
You have a pair of horns on your head.


Message History

A slime creature suddenly becomes a titanic slime creature.
The large slime creature hits you but does no damage.
Two slime creatures merge to form a very large slime creature.
Two slime creatures merge to form an enormous slime creature.
The slime creature jiggles.
You block the slime creature's attack.
Unknown command.
As you read the scroll labeled INGUCI LEIHEIJEK, it crumbles to dust.
It is a scroll of recharging.
Charge which item? (? for menu, Esc to quit)
Really abort (and waste the scroll)?
Okay, then.
The enormous slime creature misses you. You block the slime creature's attack.
Unknown command.
As you read the scroll labeled EFURRIO DEASH, it crumbles to dust.
It is a scroll of enchant weapon.
Your +2 whip of electrocution glows red for a moment.
You block the enormous slime creature's attack.
The slime creature hits you!
You die...

####.....# #.# #.##
.........# #.# #####.##
..#####.#####.# #.......
..# #.......# ### **#
#....... ..#
###..######.###.##
#....... ..# #.[#
##..#.#..###....... ..#
#..####.........###.##...
.##
#./..####J$$$.####..##.##
##
#...©###@JG_[..###©.##.#
#..#.####J)}$.####.###.#
#..###*$.......©#### #.#
#..# ##?.#.#..## #.# #..#
##.###(## #.## #..# ###
**########...
#..#############.......##
##...............(#####.##
#..........÷..........#...


You could see a titanic slime creature, an enormous slime creature, a slime
creature and an eye of devastation.

Vanquished Creatures
  Azrael (D:11)
  The ghost of TrogTrogTrog the Carver, a journeyman MiGl of Dithmenos (D:11)
  Harold (D:10)
  A centaur warrior (D:13)
  9 two-headed ogres
  A tengu warrior (D:13)
  An ogre mage (D:13)
  A deep elf knight (D:13)
  A skeletal warrior (D:13)
  An unseen horror (D:13)
  4 deep elf magi (D:13)
  4 ugly things
  3 cyclopes
  2 manticores
  An elephant (D:9)
  Joseph (D:7)
  5 centaur skeletons
  4 yaktaurs (D:13)
  A komodo dragon (D:13)
  The ghost of qqqbard the Cudgeler, an amateur MiFi (D:3)
  6 trolls
  Prince Ribbit (D:9)
  3 slime creatures (D:13)
  3 hippogriffs (D:10)
  A meliai zombie (D:13)
  Sigmund (D:2)
  5 wyverns
  3 wraiths
  13 yaks
  4 fire elementals
  4 hogs (D:7)
  5 humans
  A hungry ghost (D:11)
  4 vampire mosquitoes (D:13)
  2 basilisks (D:9)
  An acid dragon (D:13)
  A hell hound (D:11)
  10 orc warriors
  Duvessa (D:7)
  3 ice beasts
  A sky beast (D:10)
  13 ogres
  3 phantoms
  A black bear (D:8)
  A necrophage (D:9)
  15 centaurs
  A crocodile (D:12)
  5 big kobolds
  3 bullfrogs
  2 wyvern zombies
  2 scorpions
  A wyvern skeleton (D:10)
  A troll zombie (D:9)
  Dowan (D:7)
  4 killer bees (D:11)
  13 wights
  5 howler monkeys
  3 crimson imps
  A gnoll shaman (D:4)
  2 quasits
  3 centaur zombies
  2 human zombies (D:9)
  5 hounds
  3 jellies
  10 orc priests
  2 bullfrog skeletons
  A human skeleton (D:9)
  An iguana (D:4)
  19 orc wizards
  8 worker ants
  An ogre zombie (D:9)
  2 hound zombies
  2 hound skeletons
  A howler monkey zombie (D:5)
  A worker ant zombie (D:6)
  8 gnolls
  13 adders
  A river rat (D:5)
  3 shadow imps
  An adder zombie (D:5)
  2 adder skeletons
  3 worms
  3 dart slugs (D:1)
  4 leopard geckos
  89 orcs
  7 bats
  5 giant cockroaches
  8 hobgoblins
  6 jackals
  22 kobolds
  4 quokkas
  4 frilled lizards
  8 goblins
  2 jackal zombies (D:7)
  2 leopard gecko skeletons
  2 orc zombies (D:9)
  A quokka skeleton (D:4)
  A quokka zombie (D:5)
  4 rats
458 creatures vanquished.

Notes
Turn   | Place    | Note
-------+----------+-------------------------------------------
     0 | D:1      | qqqbard the Minotaur Fighter began the quest for the Orb.
     0 | D:1      | Reached XP level 1. HP: 19/19 MP: 0/0
   170 | D:1      | Reached XP level 2. HP: 27/27 MP: 1/1
   248 | D:1      | Reached skill level 3 in Maces & Flails
   575 | D:2      | Found a faded altar of an unknown god.
   595 | D:2      | Reached XP level 3. HP: 29/33 MP: 2/2
   823 | D:2      | Noticed Sigmund
   830 | D:2      | Killed Sigmund
   830 | D:2      | Reached skill level 4 in Maces & Flails
   830 | D:2      | Reached XP level 4. HP: 32/41 MP: 3/3
   830 | D:2      | Reached XP level 5. HP: 37/47 MP: 4/4
  1020 | D:3      | Noticed qqqbard's ghost (amateur MiFi)
  1048 | D:3      | Killed qqqbard's ghost
  1048 | D:3      | Reached skill level 5 in Maces & Flails
  1048 | D:3      | Reached skill level 5 in Shields
  1048 | D:3      | Reached XP level 6. HP: 10/55 MP: 5/5
  1454 | D:3      | Found a blossoming altar of Fedhas.
  1494 | D:3      | Found an opulent altar of Gozag.
  1503 | D:3      | Found a bloodstained altar of Trog.
  1575 | D:3      | Reached skill level 5 in Fighting
  1575 | D:3      | Reached XP level 7. HP: 51/61 MP: 6/6
  1666 | D:3      | Reached skill level 5 in Armour
  1688 | D:3      | Reached skill level 6 in Maces & Flails
  1728 | D:3      | Found a shattered altar of Ashenzari.
  2444 | D:4      | Found a sacrificial altar of Ru.
  2629 | D:4      | Reached skill level 7 in Maces & Flails
  2960 | D:5      | Entered Level 5 of the Dungeon
  3023 | D:5      | Reached XP level 8. HP: 9/69 MP: 7/7
  3536 | D:5      | Found Leurros's Assorted Antiques.
  4092 | D:6      | Reached skill level 8 in Maces & Flails
  4134 | D:6      | Found Lunnoto's Book Boutique.
  4454 | D:6      | Reached XP level 9. HP: 46/78 MP: 8/8
  4584 | D:6      | Reached skill level 9 in Maces & Flails
  4813 | D:7      | Found a shimmering altar of Xom.
  4851 | D:7      | Noticed Joseph
  4862 | D:7      | Killed Joseph
  4862 | D:7      | Reached skill level 5 in Dodging
  4903 | D:7      | Noticed Dowan
  4904 | D:7      | Noticed Duvessa
  4907 | D:7      | Killed Dowan
  4916 | D:7      | Killed Duvessa
  5134 | D:7      | Reached skill level 10 in Maces & Flails
  5399 | D:7      | Found a staircase to the Ecumenical Temple.
  5442 | Temple   | Entered the Ecumenical Temple
  5450 | Temple   | Became a worshipper of the Shining One
  5655 | D:7      | Found a shattered altar of Ashenzari.
  5660 | D:7      | Saw a vision of the Shoals and the Spider Nest.
  5660 | D:7      | Noticed a merfolk
  5660 | D:7      | Noticed a merfolk
  5660 | D:7      | Noticed a merfolk
  5660 | D:7      | Noticed a merfolk siren
  5660 | D:7      | Noticed a merfolk
  5660 | D:7      | Noticed a sea snake
  5660 | D:7      | Noticed a merfolk siren
  5869 | D:8      | Reached XP level 10. HP: 83/88 MP: 9/9
  6401 | D:8      | Reached * piety under the Shining One
  6771 | D:9      | Noticed a two-headed ogre
  6779 | D:9      | Killed a two-headed ogre
  6779 | D:9      | Reached skill level 11 in Maces & Flails
  6868 | D:9      | Found a basalt altar of Yredelemnul.
  7078 | D:9      | Found a staircase to the Lair.
  7078 | D:9      | Noticed an elephant
  7080 | D:9      | Reached ** piety under the Shining One
  7086 | D:9      | Killed an elephant
  7201 | D:9      | Noticed Prince Ribbit
  7208 | D:9      | Killed Prince Ribbit
  7587 | D:10     | Entered Level 10 of the Dungeon
  7630 | D:10     | Reached skill level 12 in Maces & Flails
  7807 | D:10     | Found an iron altar of Okawaru.
  7824 | D:10     | Reached XP level 11. HP: 95/95 MP: 10/10
  7908 | D:10     | Noticed Harold
  7924 | D:10     | Killed Harold
  7988 | D:10     | Noticed a two-headed ogre
  7998 | D:10     | Killed a two-headed ogre
  8131 | D:10     | Noticed a two-headed ogre
  8140 | D:10     | Killed a two-headed ogre
  8319 | D:10     | Found a staircase to the Orcish Mines.
  8439 | D:10     | Noticed a two-headed ogre
  8447 | D:10     | Killed a two-headed ogre
  8447 | D:10     | Reached skill level 13 in Maces & Flails
  8449 | D:10     | Reached *** piety under the Shining One
  8483 | D:10     | Got a vibrating pewter ring
  8631 | D:11     | Reached skill level 10 in Shields
  8916 | D:11     | Noticed TrogTrogTrog's ghost (journeyman MiGl)
  9315 | D:10     | Reached skill level 10 in Fighting
  9862 | D:11     | Killed TrogTrogTrog's ghost
  9993 | D:11     | Reached XP level 12. HP: 70/106 MP: 11/11
 10067 | D:11     | Reached **** piety under the Shining One
 10318 | D:11     | Reached skill level 10 in Armour
 10486 | D:11     | Reached skill level 14 in Maces & Flails
 10904 | D:12     | Noticed Azrael
 11350 | D:11     | Killed Azrael
 11494 | D:12     | Found Xulixkoomo's Assorted Antiques.
 11616 | D:12     | Identified the ring "Zisud" {*Tele rF+ Str+2} (You took it off an orc on level 10 of the Dungeon)
 11672 | D:12     | Noticed a two-headed ogre
 11677 | D:12     | Killed a two-headed ogre
 11891 | D:13     | Reached skill level 15 in Maces & Flails
 11897 | D:13     | Noticed a centaur warrior
 11904 | D:13     | Killed a centaur warrior
 12025 | D:13     | Found a transporter.
 12037 | D:13     | Noticed a two-headed ogre
 12051 | D:13     | Killed a two-headed ogre
 12051 | D:13     | Reached XP level 13. HP: 98/116 MP: 10/12
 12056 | D:13     | Reached ***** piety under the Shining One
 12284 | D:13     | Reached skill level 10 in Dodging
 12452 | D:13     | Found a viscous altar of Jiyva.
 12452 | D:13     | Found a transporter.
 13531 | D:13     | Found a gate to the Vaults.
 13752 | D:13     | Reached skill level 16 in Maces & Flails
 13878 | D:13     | HP: 1/117 [enormous slime creature (10)]
 13880 | D:13     | Slain by a slime creature

Vault maps used:
D:1:      dpeg_arrival_fog
D:2:      first_bread, chequers_ecumenical_altar_simple, uniq_sigmund
D:3:      fedhas_altar_1, grunt_temple_overflow_open, lemuel_round_altar,
          serial_bayou_ford_a
D:4:      nicolae_overflow_hidden_temple, kennysheep_generic_room_6
D:5:      serial_shops, kennysheep_mini_moat, gup_sewer_entry_spiral
D:6:      serial_shops, shop, minmay_ruffians
D:7:      old_standard_altar, minmay_temple_entry_overgrown, grunt_livestock,
          grunt_ashenzari_visionary, uniq_duvessa, uniq_joseph, uniq_menkaure
D:9:      david_lair_generic, lemuel_mausoleum_altar_yredelemnul,
          uniq_prince_ribbit1
D:10:     cheibrodos_barr_body, hiddenorc1_lemuel, basic_altar,
          kennysheep_kite_vault, uniq_harold
D:12:     serial_shops, shop, uniq_azrael
D:13:     gammafunk_jiyva_shrine, hangedman_vaults_entry_quadrant_bands
Temple:   nicolae_temple_x_marks_the_god

Skill      XL: |  1  2  3  4  5  6  7  8  9 10 11 12 13 |
---------------+----------------------------------------+-----
Maces & Flails | 3 4 5 7 8 10 12 13 15 16 | 16.0
Shields        | 4 5 6 7 8 9 10 11 | 11.9
Fighting       | 4 5 6 7 8 10 11 | 11.9
Armour         | 4 5 6 7 8 9 11 | 11.9
Dodging        | 2 3 4 6 7 8 9 10 | 10.3

Action                   |  1- 3 |  4- 6 |  7- 9 | 10-12 | 13-15 || total
-------------------------+-------+-------+-------+-------+-------++-------
Melee: Flail             |    70 |    67 |   227 |       |       ||   364
       Headbutt          |    10 |    15 |    85 |   194 |    65 ||   369
       Morningstar       |       |       |   160 |    35 |       ||   195
       Whip              |       |       |       |   839 |   234 ||  1073
  Use: Potion            |       |     1 |       |     3 |       ||     4
       Scroll            |       |       |     6 |     1 |     6 ||    13
  Eat: Chunk             |       |     2 |    15 |    20 |     5 ||    42
Armor: Scale mail        |    18 |       |       |       |       ||    18
       Plate armour      |       |    29 |   206 |   257 |    64 ||   556
Dodge: Dodged            |    20 |    16 |    77 |   237 |    76 ||   426
Block: Shield            |    24 |    29 |   204 |     2 |       ||   259
       Buckler           |       |       |       |   231 |    57 ||   288
